 Dungeon Crawl Stone Soup version 0.29-a0-330-g52719c12eb (webtiles) character file.

Game seed: 6633891233662208463

4 Ajdolov the Chiller (level 1, 0/14 HPs)
             Began as a Barachi Ice Elementalist on Apr 16, 2022.
             Slain by a goblin
             ... wielding a +0 club
              (4 damage)
             ... on level 1 of the Dungeon.
             The game lasted 00:03:00 (57 turns).

Ajdolov the Chiller (Barachi Ice Elementalist)        Turns: 57, Time: 00:03:01

Health: 0/14       AC:  2    Str:  9    XL:     1   Next: 60%
Magic:  0/3        EV: 12    Int: 15    God:
Gold:   0          SH:  0    Dex: 12    Spells: 3/4 levels left

rFire   . . .      SeeInvis .   c - +0 short sword
rCold   . . .      Faith    .   (no shield)
rNeg    . . .      Spirit   .   a - +0 robe
rPois   .          Reflect  .   (no helmet)
rElec   .          Harm     .   (no cloak)
rCorr   .          Rampage  .   (no gloves)
Will    .....                   (no boots)
Stlth   ++........              (no amulet)
HPRegen 0.04/turn               (no ring)
MPRegen 0.08/turn               (no ring)

@: very slightly contaminated, slow
A: amphibious, slowness 1, strong legs 1, +LOS
a: Hop


You were on level 1 of the Dungeon.
You visited 1 branch of the dungeon, and saw 1 of its levels.

Inventory:

Hand Weapons
 c - a +0 short sword (weapon)
Armour
 a - a +0 robe (worn)
Potions
 b - a potion of magic


   Skills:
 + Level 0.5 Fighting
 - Level 2.1 Dodging
 - Level 1.7 Stealth
 - Level 2.1 Spellcasting
 * Level 5.0 Ice Magic


You had 3 spell levels left.
You knew the following spells:

 Your Spells              Type           Power      Damage    Failure   Level
a - Freeze                Ice            64%        1d8       2%          1

Your spell library contained the following spells:

 Spells                   Type           Power      Damage    Failure   Level
 Frozen Ramparts          Ice            32%        1d5       9%          3
 Ozocubu's Armour         Ice            16%        N/A       9%          3
 Hailstorm                Conj/Ice       9%         3d4       61%         4


Dungeon Overview and Level Annotations

Branches:
Dungeon (1/15)

Altars:


Innate Abilities, Weirdness & Mutations

You are amphibious.
You cover ground slowly.
You can hop short distances.
You have an extended range of vision and can be seen from far away.


Message History

c - a +0 short sword (weapon)
A goblin is nearby!
A goblin is nearby!
Things that are here:
2 stones; a +0 club; a goblin corpse
There is an open door here.
There is a staircase leading out of the dungeon here.
A goblin is nearby!
You close the door.
You open the door.
There's a creature in the doorway!
You closely miss the goblin.
The goblin hits you but does no damage. x2
Unknown command.
You closely miss the goblin. The goblin closely misses you.
You freeze the goblin!
You kill the goblin!
Your Ice Magic skill increases to level 5!
A ball python comes into view.
There is an open door here.
Things that are here:
a +0 club; a goblin corpse
Things that are here:
2 stones; a +0 club; a goblin corpse The ball python hisses angrily.
The ball python closely misses you. The ball python grabs you.
The ball python constricts you.
You freeze the ball python!
You kill the ball python!
A goblin comes into view. It is wielding a +0 club.
The goblin shouts!
Found a leather armour.
The goblin closely misses you.
You miscast Freeze.
You are very lightly contaminated with residual magic.
Nothing appears to happen.
The goblin hits you but does no damage.
You closely miss the goblin. The goblin hits you with a +0 club. x2
You hit the goblin but do no damage. The goblin hits you with a +0 club.
* * * LOW HITPOINT WARNING * * *
The goblin attacks as you move away! The goblin hits you with a +0 club.
You die...

........#).#+#....
...≈≈≈≈.(####..≈≈§
..≈≈≈≈≈≈......§≈≈§
..≈≈≈≈≈≈......≈§≈§
..≈≈≈≈≈≈......≈≈§≈
...≈≈≈≈........≈≈≈
..................
.#.##.#....##...!.
... #....@..#.####
#........g#.....#
##....(...$......
.........#......#
.#..........##.#.
.......... .. ...
#......... ##. ..
......[...8 #.
........... ..


You could see a goblin.

Vanquished Creatures
  A kobold (D:1)
  A ball python (D:1)
  2 goblins (D:1)
4 creatures vanquished.

Notes
Turn   | Place    | Note
-------+----------+-------------------------------------------
     0 | D:1      | Ajdolov the Barachi Ice Elementalist began the quest for
                  | the Orb.
     0 | D:1      | Reached XP level 1. HP: 13/13 MP: 3/3
    29 | D:1      | Reached skill level 5 in Ice Magic
    57 | D:1      | Slain by a goblin

Illustrated notes

Levels and vault maps discovered:
D:1:      dpeg_arrival_pits, layout_rooms, serial_shops,
          nicolae_shop_statue_plus, serial_bayou_pond_a, kennysheep_another_room

Skill      XL: |  1 |
---------------+----+-----
Ice Magic      | 5 |  5.0
Fighting       | |  0.5
Dodging        | |  2.1
Stealth        | |  1.7
Spellcasting   | |  2.1

Action                   || total
-------------------------++-------
Melee: Short sword       ||     4
 Cast: Freeze            ||     5
Armor: Robe              ||     3
Dodge: Dodged            ||     4

Table legend: (Time is in decaauts)
 A = Elapsed time spent in this place.
 B = Non-inter-level travel time spent in this place.
 C = Inter-level travel time spent in this place.
 D = Time resting spent in this place.
 E = Time spent auto-exploring this place.
 F = Levels seen in this place.
 G = Mean time per level.
                   A        B        C        D        E       F      G
               +--------+--------+--------+--------+--------+-----+--------+
         Total |     61 |     61 |      0 |      0 |     14 |   1 |   61.0 |
       Dungeon |     61 |     61 |      0 |      0 |     14 |   1 |   61.0 |
               +--------+--------+--------+--------+--------+-----+--------+

Top non-repeatable levels by time:
     D:1: 61 daAuts
